[Event "Early-Titled-Tuesday-Blitz-September-05-2023"]
[Site "Chess.com"]
[Date "2023.09.05"]
[Round "4"]
[White "EpicPlayz282"]
[Black "whiteglovethief"]
[Result "0-1"]
[WhiteElo "2390"]
[BlackElo "2519"]
[TimeControl "180+1"]
[EndTime "8:37:03 PDT"]
[Termination "whiteglovethief won on time"]

1. e4 e6 2. d4 d5 3. exd5 exd5 4. c4 Bb4+ 5. Nc3 Nf6 6. Bd3 dxc4 7. Bxc4 O-O 8. Ne2 Nc6 9. O-O h6 10. h3 a6 11. Bf4 Bf5 12. d5 Ne7 13. Qb3 Bxc3 14. Nxc3 b5 15. Be2 Nexd5 16. Rad1 Be6 17. Qc2 c6 18.
Bf3 Qa5 19. Be5 Rfd8 20. Bxf6 Nxf6 21. Bxc6 Rxd1 22. Rxd1 Rc8 23. Ne4 Nxe4 24. Qxe4 Qxa2 25. Bb7 Rb8 26. Qe5 Rf8 27. Rd6 b4 28. Rxa6 Qb1+ 29. Kh2 Rd8 30. Be4 Qd1 31. Bf3 Qd2 32. Qg3 Qxb2 33.
Rb6 Qd4 34. Rb7 b3 35. Bg4 Bxg4 36. hxg4 b2 37. Qb3 Qf4+ 0-1

[Event "Early-Titled-Tuesday-Blitz-September-05-2023"]
[Site "Chess.com"]
[Date "2023.09.05"]
[Round "4"]
[White "Kaua18"]
[Black "FeketeBarika"]
[Result "0-1"]
[WhiteElo "2493"]
[BlackElo "2383"]
[TimeControl "180+1"]
[EndTime "8:37:03 PDT"]
[Termination "FeketeBarika won on time"]

1. e4 e6 2. d3 d5 3. Nd2 Nf6 4.
Ngf3 b6 5. g3 dxe4 6. dxe4 Bb7 7.
Bd3 Nbd7 8. O-O e5 9. Re1 Bc5 10. Nc4 O-O 11. Bg5 h6 12. Be3 Bxe3 13. Nxe3 Qe7 14.
Nf5 Qe6 15. Qe2 Nc5 16. Bc4 Qe8 17. N3h4 Ncxe4 18. Ng6 Ng5 19. Red1 Nf3+ 20. Kf1 Nxh2+ 21. Ke1 Nf3+ 22. Kf1 Nh2+ 23. Ke1 Kh7 24. Nxf8+ Qxf8 0-1

[Event "Early-Titled-Tuesday-Blitz-September-05-2023"]
[Site "Chess.com"]
[Date "2023.09.05"]
[Round "4"]
[White "esrosenberg"]
[Black "HanSchut"]
[Result "1-0"]
[WhiteElo "2400"]
[BlackElo "2245"]
[TimeControl "180+1"]
[EndTime "8:37:03 PDT"]
[Termination "esrosenberg won on time"]

1. d4 Nf6 2. Nf3 g6 3. Nc3 d5 4. Bf4 a6 5. Qd2 Bf5 6. O-O-O Ne4 7. Nxe4 Bxe4 8. h4 h5 9. Ng5 Bf5 10. f3 Bh6 11. e4 Bxg5 12. Bxg5 dxe4 13. fxe4 Bg4 14.
Re1 c5 15. d5 Nd7 16. e5 O-O 17. Bd3 c4 18. Bxc4 Qc7 19. e6 Ne5 20. exf7+ Rxf7 21. Bb3 Nc4 22. Qd3 b5 23. Qxg6+ Rg7 24. Qe4 Rf8 25.
Bxe7 Re8 26. d6 Qd7 27. Bxc4+ bxc4 28. Qxc4+ Kh7 29. Qxa6 Bf5 30. Re2 Reg8 31. Bg5 Re8 32. Rhe1 Rxe2 33. Qxe2 Bg4 34. Qe5 1-0

[Event "Early-Titled-Tuesday-Blitz-September-05-2023"]
[Site "Chess.com"]
[Date "2023.09.05"]
[Round "4"]
[White "Dave_ChessMate"]
[Black "Kazmin_Semyon"]
[Result "1-0"]
[WhiteElo "2736"]
[BlackElo "2536"]
[TimeControl "180+1"]
[EndTime "8:37:08 PDT"]
[Termination "Dave_ChessMate won by resignation"]

1. d4 Nf6 2. Nc3 d5 3. Bf4 c5 4. e4 dxe4 5. dxc5 Qa5 6. Bxb8 Rxb8 7. Bb5+ Bd7 8. Bxd7+ Nxd7 9. Qd4 e5 10. Qxe4 Bxc5 11. Ne2 O-O 12. O-O Nf6 13. Qf5 Rfe8 14. Rad1 b5 15.
Nd5 Nxd5 16. Rxd5 Bf8 17. Nc3 Qb4 18. Rd7 Qc4 19. Nd5 Rbd8 20. Qxf7+ Kh8 21. b3 Qc6 22. Rxd8 Rxd8 23. Ne3 Bc5 24. Rd1 Rf8 25. Qd5 Qc7 26. Qd7 Qb6 27. Qd3 Qf6 28. Rf1 a6 29. a4 bxa4 30.
bxa4 a5 31. h3 h6 32. Qb5 Bd4 33. c3 Ba7 34. Qe2 Qf4 35. Ng4 e4 36. Re1 h5 37.
Ne3 g6 38. c4 Bc5 39. Qd2 Kh7 40.
Rd1 Kh6 41. Nf1 Qxd2 42. Rxd2 Kg5 43. Rd5+ Rf5 44. Ne3 Bxe3 45. Rxf5+ Kxf5 46. fxe3 Ke5 47. Kf2 Kd6 48. Kg3 g5 49. h4 gxh4+ 50. Kxh4 Kc5 51. Kxh5 Kxc4 52. g4 Kd3 53. g5 Kxe3 54. g6 Kf2 55. g7 e3 56. g8=Q e2 57. Qf7+ Kg1 58. Qg6+ Kf1 59. Qf5+ Kg1 60. Qg4+ Kf1 61. Qf3+ Ke1 62. Kg4 Kd2 63. Qd5+ Kc3 64. Qxa5+ 1-0

[Event "Early-Titled-Tuesday-Blitz-September-05-2023"]
[Site "Chess.com"]
[Date "2023.09.05"]
[Round "4"]
[White "jup1978"]
[Black "ilushka"]
[Result "1-0"]
[WhiteElo "2520"]
[BlackElo "2392"]
[TimeControl "180+1"]
[EndTime "8:37:08 PDT"]
[Termination "jup1978 won on time"]

1. d4 e6 2. e4 d5 3. Nd2 c5 4.
exd5 exd5 5. Ngf3 a6 6. Be2 Nf6 7. O-O Be7 8. dxc5 Bxc5 9. Nb3 Bb6 10. c3 O-O 11. h3 Nc6 12. Bd3 Qd6 13. Re1 h6 14.
Bc2 Be6 15. Be3 Bxe3 16. Rxe3 Rfe8 17. Nbd4 Na5 18. b3 Rac8 19. Rc1 Qf4 20. Qe1 Qd6 21. Bb1 Bd7 22. Rxe8+ Rxe8 23. Qd2 Ne4 24. Qd3 Nc6 25. Rd1 Qf4 26. Nxc6 bxc6 27. Re1 Bf5 28. Qe3 Qxe3 29. Rxe3 Bg6 30. Nd4 Rc8 31. Bxe4 Bxe4 32. f3 1-0

[Event "Early-Titled-Tuesday-Blitz-September-05-2023"]
[Site "Chess.com"]
[Date "2023.09.05"]
[Round "4"]
[White "DefiantChair"]
[Black "chessculator16"]
[Result "1-0"]
[WhiteElo "2637"]
[BlackElo "2217"]
[TimeControl "180+1"]
[EndTime "8:37:11 PDT"]
[Termination "DefiantChair won by resignation"]

1. e4 c6 2. d4 d5 3. e5 Bf5 4. Nf3 e6 5. Be2 c5 6. Be3 Qb6 7. c4 dxc4 8. O-O Nc6 9. Nbd2 Na5 10. Qa4+ Nc6 11. Nxc4 Qc7 12. dxc5 f6 13. Nd4 fxe5 14.
Nxc6 bxc6 15. Nxe5 Ne7 16. Bf3 Nd5 17. Bxd5 exd5 18.
Qxc6+ Qxc6 19. Nxc6 g6 20. Bd4 Rg8 21. Rfe1+ Kd7 22. Ne5+ Kc7 23. g4 Be6 24. h3 Bg7 25. Nf3 Bd7 26. Bxg7 Rxg7 27. Nd4 Rf8 28. b4 Rgf7 29.
Re2 h5 30. f3 hxg4 31. hxg4 Rh8 32. Rae1 Rfh7 33. Kf2 Rh2+ 34. Ke3 Rxe2+ 35. Rxe2 Rh1 36. Kf4 Rd1 37. Ke5 Ba4 38. Rh2 Rd3 39. Rh7+ Kb8 40.
b5 Kc8 41. Nc6 Bxb5 42. Nxa7+ Kd8 43. Nxb5 Rd2 44. Nd4 Rxa2 45. Kd6 Ra6+ 46. c6 Ke8 47. Nb5 Ra5 48. c7 Ra8 49. Rh8+ Kf7 50. Rxa8 d4 51.
c8=Q d3 52. Qe6+ 1-0

[Event "Early-Titled-Tuesday-Blitz-September-05-2023"]
[Site "Chess.com"]
[Date "2023.09.05"]
[Round "4"]
[White "03revilo"]
[Black "Rurep26"]
[Result "0-1"]
[WhiteElo "2435"]
[BlackElo "2816"]
[TimeControl "180+1"]
[EndTime "8:37:13 PDT"]
[Termination "Rurep26 won by resignation"]

1. e4 e6 2. d4 d5 3. e5 c5 4. c3 Nc6 5. Nf3 Qb6 6. Bd3 cxd4 7. O-O Bd7 8. Re1 Nh6 9. Nbd2 dxc3 10. bxc3 Bc5 11.
Qe2 Ng4 12. Rf1 f6 13. Rb1 Qc7 14. exf6 Nxf6 15. c4 O-O 16. Ng5 Nd4 17. Qd1 Bd6 18. Bb2 Bxh2+ 19. Kh1 Be5 20. Ndf3 Nxf3 21. Qxf3 Bxb2 22.
Rxb2 Qe5 23. Nxh7 Nxh7 24. Bxh7+ Kxh7 25. Qh3+ Kg8 26. Rxb7 Rf7 27. cxd5 Qxd5 28. Rfb1 Raf8 29. Qg3 Rxf2 30. Rxa7 Rd2 31. Rbb7 Qh5+ 32. Kg1 Rd1+ 0-1

[Event "Early-Titled-Tuesday-Blitz-September-05-2023"]
[Site "Chess.com"]
[Date "2023.09.05"]
[Round "4"]
[White "LeoLV10"]
[Black "Andrei_Skvortsov"]
[Result "1-0"]
[WhiteElo "2489"]
[BlackElo "2631"]
[TimeControl "180+1"]
[EndTime "8:37:13 PDT"]
[Termination "LeoLV10 won by resignation"]

1. e4 d5 2. exd5 Qxd5 3. Nc3 Qe5+ 4. Be2 Bg4 5. d4 Bxe2 6. Ngxe2 Qa5 7. O-O Nf6 8. Bd2 Nc6 9. a3 O-O-O 10. b3 Nxd4 11. Nxd4 Rxd4 12. b4 Qh5 13. Qe1 a6 14. b5 axb5 15.
Rb1 c6 16. a4 b4 17. Ne2 Re4 18. f3 Rc4 19. Bxb4 e6 20. Bxf8 Rxf8 21. a5 Qc5+ 22.
Kh1 Rxc2 23. a6 b5 24. Nf4 Rd8 25. Qa5 Qa7 26. Rbc1 Rxc1 27. Rxc1 Kd7 28. Nd3 Ke8 29. Ne5 Qe3 30. Re1 Qc5 31. h4 Ra8 32. Qc7 Ra7 33. Qb8+ Ke7 34. Qxa7+ 1-0

[Event "Early-Titled-Tuesday-Blitz-September-05-2023"]
[Site "Chess.com"]
[Date "2023.09.05"]
[Round "4"]
[White "HajiyevKanan"]
[Black "kushbhagat2009"]
[Result "1/2-1/2"]
[WhiteElo "2473"]
[BlackElo "2618"]
[TimeControl "180+1"]
[EndTime "8:37:14 PDT"]
[Termination "Game drawn by repetition"]

1. d4 Nf6 2. Nf3 g6 3. g3 Bg7 4. Bg2 O-O 5. O-O d6 6. b3 e5 7. dxe5 Nfd7 8. Bb2 dxe5 9. c4 Nc6 10. Nc3 e4 11. Ne1 f5 12. Rb1 Nde5 13. Nc2 Be6 14. Qxd8 Raxd8 15. Rfd1 Nf7 16. Kf1 a6 17. Ke1 Nd6 18.
Nd5 Bxb2 19. Rxb2 Bxd5 20. Rxd5 Nf7 21. Ne3 Nfe5 22. Rbd2 Rde8 23. a3 a5 24. Nc2 Rd8 25. Rxd8 Rxd8 26. Rxd8+ Nxd8 27. Nd4 c6 28. f3 exf3 29. exf3 Kf7 30. Kd2 Ne6 31. Nxe6 Kxe6 32. f4 Ng4 33. h3 Nf6 34. Ke3 Kd6 35. b4 axb4 36. axb4 b6 37. Bf3 Nd7 38. g4 Nf6 39.
gxf5 gxf5 40. Kd3 h6 41. Ke3 Nd7 42. Kd3 Nf6 43. Ke3 Nd7 44. Kd3 Nf6 1/2-1/2

[Event "Early-Titled-Tuesday-Blitz-September-05-2023"]
[Site "Chess.com"]
[Date "2023.09.05"]
[Round "4"]
[White "Hikaru"]
[Black "FormerProdigy"]
[Result "1/2-1/2"]
[WhiteElo "3265"]
[BlackElo "2887"]
[TimeControl "180+1"]
[EndTime "8:37:18 PDT"]
[Termination "Game drawn by repetition"]

1. h3 e5 2. e4 Nf6 3. Nc3 Bb4 4.
a3 Ba5 5. Bc4 O-O 6. b4 Bb6 7.
d3 c6 8. Nf3 d5 9. Bb3 dxe4 10.
Nxe4 Nxe4 11. dxe4 Qxd1+ 12. Kxd1 Bxf2 13. Rf1 Bd4 14. Nxd4 exd4 15. Bb2 Be6 16. Bxe6 fxe6 17. Rxf8+ Kxf8 18. Bxd4 Nd7 19. Ke2 Ke7 20. a4 e5 21. Bb2 Ke6 22. a5 Nf6 23. Ke3 Rd8 24. Rf1 g6 25. g3 h5 26. a6 b5 27. Bc3 Rd7 28. Ra1 Ne8 29. Be1 Nd6 30. Bf2 Nc4+ 31. Ke2 Nd6 32. Ke3 Nc4+ 33. Ke2 Nd6 34. Ke3 1/2-1/2

[Event "Early-Titled-Tuesday-Blitz-September-05-2023"]
[Site "Chess.com"]
[Date "2023.09.05"]
[Round "4"]
[White "Mariia89"]
[Black "Heinza9"]
[Result "0-1"]
[WhiteElo "1967"]
[BlackElo "2272"]
[TimeControl "180+1"]
[EndTime "8:37:18 PDT"]
[Termination "Heinza9 won by resignation"]

1. d4 f5 2. Nf3 Nf6 3. c4 g6 4. Nc3 Bg7 5. g3 O-O 6. Bg2 d6 7. O-O Qe8 8. e4 fxe4 9. Ng5 Nc6 10. d5 Ne5 11. Qe2 Bg4 12. Qe3 Nxc4 13. Qd4 Nb6 14.
Ngxe4 Nfxd5 15. Qd3 Nxc3 16. Nxc3 c6 17. Re1 Rd8 18. Bg5 Rd7 19. Qe4 Bf5 20. Qe3 e5 21. Bh6 Qf7 22. Bxg7 Kxg7 23. a4 Nc8 24. a5 a6 25. h4 Re7 26. Qg5 h6 27. Qd2 d5 28.
h5 g5 29. Re3 Nd6 30. Ree1 Nc4 31. Qc1 e4 32. b3 Ne5 33. Na4 Nd3 34. Qd1 Nxe1 35.
Qxe1 Qf6 36. Nc5 Bg4 37. Qe3 Qxa1+ 0-1

[Event "Early-Titled-Tuesday-Blitz-September-05-2023"]
[Site "Chess.com"]
[Date "2023.09.05"]
[Round "4"]
[White "Irina_Mikhaylova"]
[Black "Cambek64"]
[Result "0-1"]
[WhiteElo "2306"]
[BlackElo "2492"]
[TimeControl "180+1"]
[EndTime "8:37:20 PDT"]
[Termination "Cambek64 won by resignation"]

1. d4 c5 2. Nf3 cxd4 3. Nxd4 d5 4. Nf3 Nc6 5. c4 d4 6. e3 e5 7. exd4 exd4 8. Bd3 Nf6 9. O-O Be7 10. Bg5 O-O 11.
Nbd2 Bg4 12. h3 Bh5 13. Qb3 Qc8 14. Rfe1 Rd8 15. a3 Bg6 16. Bxg6 hxg6 17. Qd3 a5 18. Ne5 Nxe5 19. Rxe5 Bd6 20. Bxf6 gxf6 21. Rd5 Be5 22.
Rxd8+ Qxd8 23. Nf3 Qd6 24. Rd1 Rd8 25. Kf1 b6 26. Nd2 Qc6 27. Nf3 Qc5 28. g3 Rc8 29. Rc1 a4 30. Nd2 b5 31. f4 Bb8 32. Ne4 Qc6 33.
c5 f5 34. Ng5 Qh1+ 35. Kf2 Qxc1 36. Qxd4 Qxc5 37. Qxc5 Rxc5 0-1

[Event "Early-Titled-Tuesday-Blitz-September-05-2023"]
[Site "Chess.com"]
[Date "2023.09.05"]
[Round "4"]
[White "Genghis_K"]
[Black "Orlov_Oleg"]
[Result "1-0"]
[WhiteElo "2863"]
[BlackElo "2579"]
[TimeControl "180+1"]
[EndTime "8:37:22 PDT"]
[Termination "Genghis_K won on time"]

1. d4 Nf6 2. c4 g6 3. g3 Bg7 4. Bg2 O-O 5. Nc3 c6 6. e4 d6 7. Nge2 a5 8. O-O Na6 9. h3 Qc7 10. Be3 e5 11. d5 Nc5 12. Qd2 cxd5 13. cxd5 Bd7 14. Rac1 Rfc8 15. Kh2 Qd8 16. f4 Ne8 17. f5 b5 18. g4 b4 19. Nd1 Bb5 20. Nf2 Na4 21.
g5 Bf8 22. Ng4 Qd7 23. Rf2 1-0

[Event "Early-Titled-Tuesday-Blitz-September-05-2023"]
[Site "Chess.com"]
[Date "2023.09.05"]
[Round "4"]
[White "Chernov_Mikhail"]
[Black "Orest_Vovk"]
[Result "0-1"]
[WhiteElo "2409"]
[BlackElo "2600"]
[TimeControl "180+1"]
[EndTime "8:37:22 PDT"]
[Termination "Orest_Vovk won by resignation"]

1. e4 g6 2. d4 Nf6 3. Nc3 d5 4. e5 Ne4 5. f3 Nxc3 6. bxc3 c5 7. f4 Nc6 8. Nf3 Qb6 9. Be3 Bg4 10. Be2 e6 11. O-O Bxf3 12. Bxf3 Be7 13. Rb1 Qa6 14.
dxc5 Na5 15. Bd4 Qc6 16. Qd2 Bxc5 17. Qf2 Bxd4 18. cxd4 Nc4 19. Rb3 b6 20. Be2 O-O 21. Bxc4 dxc4 22. Rh3 h5 23. c3 Qe4 24. Re1 Qf5 25.
a4 Kg7 26. Rg3 h4 27. Rf3 Rh8 28. Rd1 Qe4 29. Re3 Qd5 30. Qe2 Rh5 31. h3 Rf5 32.
Rf1 a5 33. Kh2 b5 34. axb5 Qxb5 35. Qa2 Qb3 36. Re2 Qxc3 37. Rf3 Qxd4 0-1

[Event "Early-Titled-Tuesday-Blitz-September-05-2023"]
[Site "Chess.com"]
[Date "2023.09.05"]
[Round "4"]
[White "Chessbard1972"]
[Black "RIPOL"]
[Result "0-1"]
[WhiteElo "2532"]
[BlackElo "2416"]
[TimeControl "180+1"]
[EndTime "8:37:22 PDT"]
[Termination "RIPOL won by resignation"]

1. d4 Nf6 2. Nf3 d5 3. c4 e6 4. Nc3 Bb4 5. Bg5 h6 6. Bh4 c5 7. a3 Bxc3+ 8. bxc3 Qa5 9. Bxf6 Qxc3+ 10. Nd2 gxf6 11. dxc5 dxc4 12. e3 Nd7 13. c6 Nc5 14. Rc1 Qxa3 15. Nxc4 Qb4+ 16. Nd2 bxc6 17. Bc4 Ke7 18. O-O Rd8 19. Rc2 Ne4 20. Nxe4 Rxd1 21.
Rxd1 a5 22. Ba2 a4 23. Nc5 a3 24. Rdc1 Rb8 25. h3 h5 26. Nd3 Qe4 27. Nf4 Rb2 28. Rxb2 axb2 29. Rb1 Qc2 30. Nxh5 Ba6 31. Nf4 Bc4 32.
Rxb2 Qc1+ 33. Kh2 Qxb2 34. Bxc4 Qxf2 35. Ne2 Qxe3 36. Ng3 f5 37. h4 Qf4 0-1

[Event "Early-Titled-Tuesday-Blitz-September-05-2023"]
[Site "Chess.com"]
[Date "2023.09.05"]
[Round "4"]
[White "FGHSMN"]
[Black "DopplerCharlotteDeWitte"]
[Result "1-0"]
[WhiteElo "2937"]
[BlackElo "2731"]
[TimeControl "180+1"]
[EndTime "8:37:23 PDT"]
[Termination "FGHSMN won by resignation"]

1. b3 d5 2. Bb2 Bg4 3. f3 Bh5 4.
h4 f6 5. d4 e6 6. e3 c5 7. Ne2 Nc6 8. Nf4 Bf7 9. Nc3 cxd4 10.
exd4 Bd6 11. Qd2 Qb8 12. Nfe2 b5 13. O-O-O Nge7 14. h5 a5 15. h6 g5 16. Qd3 b4 17.
Na4 Bg6 18. Qe3 Kf7 19. g4 Rc8 20. Rd2 Ra7 21. Kb1 Rac7 22. Nc5 Nd8 23. Bg2 e5 24. Nd3 Qb6 25. Rc1 Ne6 26. Qf2 e4 27. fxe4 dxe4 28. d5 Nxd5 29. Qxb6 Nxb6 30. Nf2 e3 31. Rxd6 exf2 32. Nd4 Nxd4 33. Bxd4 Rxc2 34. Rxc2 Bxc2+ 35. Kb2 Be4 36. Rxf6+ Ke7 37. Bxe4 Nd7 38. Rxf2 1-0

[Event "Early-Titled-Tuesday-Blitz-September-05-2023"]
[Site "Chess.com"]
[Date "2023.09.05"]
[Round "4"]
[White "1stSecond"]
[Black "Abund"]
[Result "1-0"]
[WhiteElo "2932"]
[BlackElo "2721"]
[TimeControl "180+1"]
[EndTime "8:37:23 PDT"]
[Termination "1stSecond won by resignation"]

1. c4 c5 2. Nf3 Nf6 3. Nc3 Nc6 4. d4 cxd4 5. Nxd4 e6 6. g3 Qb6 7. Ndb5 Ne5 8. Bf4 Nfg4 9. e3 h6 10. h3 g5 11. hxg4 gxf4 12. gxf4 Ng6 13. f5 Ne5 14. Be2 a6 15. Qd4 Qc6 16. O-O-O Bg7 17. Nd6+ Kf8 18.
Qe4 Qc7 19. f4 Nc6 20. g5 Bxc3 21. bxc3 Qa5 22. Kb2 b5 23. fxe6 b4 24. e7+ Nxe7 25. Qxa8 Qa3+ 26. Kb1 bxc3 27. Qb8 Qc5 28. Qb3 Qxe3 29.
Bd3 Qxf4 30. Nxf7 Rg8 31. Nxh6 Ke8 32. Nxg8 Nxg8 33. Rde1+ Kd8 34. Qb6+ 1-0

[Event "Early-Titled-Tuesday-Blitz-September-05-2023"]
[Site "Chess.com"]
[Date "2023.09.05"]
[Round "4"]
[White "francyIM"]
[Black "mishanick"]
[Result "0-1"]
[WhiteElo "2846"]
[BlackElo "3062"]
[TimeControl "180+1"]
[EndTime "8:37:24 PDT"]
[Termination "mishanick won by resignation"]

1. Nf3 d5 2. c4 d4 3. g3 c5 4. Bg2 Nc6 5. O-O e5 6. d3 Bd6 7. e3 Nf6 8. exd4 exd4 9. Re1+ Kf8 10.
Na3 h6 11. Nc2 a5 12. Na3 Bf5 13. Nb5 Bb8 14. a3 g5 15. b3 Kg7 16. Ra2 Re8 17. Rae2 Rxe2 18. Rxe2 Qd7 19. a4 Bg4 20. Ba3 Qf5 21.
Re1 Nb4 22. Bxb4 axb4 23. Qe2 Ra6 24. Qd1 Kf8 25. Re2 Rc6 26. Re1 Rc8 27. Re2 b6 28. Re1 Rd8 29. Re2 Kg7 30. Re1 Rh8 31. Kf1 h5 32. h4 Nh7 33. Kg1 Qf6 34. Re4 gxh4 35. gxh4 Nf8 36. Qe2 Ng6 37. Kf1 Nf4 38. Qd2 Nxg2 0-1

[Event "Early-Titled-Tuesday-Blitz-September-05-2023"]
[Site "Chess.com"]
[Date "2023.09.05"]
[Round "4"]
[White "SCIM"]
[Black "ContrVersia"]
[Result "1-0"]
[WhiteElo "2620"]
[BlackElo "2909"]
[TimeControl "180+1"]
[EndTime "8:37:24 PDT"]
[Termination "SCIM won by resignation"]

1. d4 Nf6 2. c4 e6 3. Nc3 Bb4 4. e3 b6 5. Ne2 Ba6 6. a3 Bxc3+ 7. Nxc3 d5 8. Qf3 c6 9. b3 O-O 10. Bb2 Nbd7 11. Be2 Rc8 12. O-O Re8 13. Rad1 Qe7 14. Rfe1 e5 15. cxd5 Bxe2 16. Qxe2 exd4 17. Rxd4 cxd5 18.
Nxd5 Nxd5 19. Rxd5 Qe6 20. Red1 Nc5 21. b4 Na4 22. Ba1 Nc3 23. Bxc3 Rxc3 24. R5d3 Rc6 25.
h3 g6 26. Rd8 Rc8 27. Rxe8+ Qxe8 28. Qd3 a5 29. Qd4 axb4 30. axb4 Qb5 31. Kh2 h5 32. Rd2 Re8 33. Qf4 Kg7 34. Rd6 Kg8 35. Qd4 Qe2 36.
Rf6 b5 37. Qd5 Rf8 38. Rxg6+ Kh7 39. Rf6 Kg7 40. Qg5+ 1-0

[Event "Early-Titled-Tuesday-Blitz-September-05-2023"]
[Site "Chess.com"]
[Date "2023.09.05"]
[Round "4"]
[White "Hamisandwich"]
[Black "smilingice"]
[Result "0-1"]
[WhiteElo "2645"]
[BlackElo "2428"]
[TimeControl "180+1"]
[EndTime "8:37:24 PDT"]
[Termination "smilingice won by checkmate"]

1. a3 a6 2. c4 Nf6 3. Nc3 g6 4. g3 Bg7 5. Bg2 O-O 6. e3 d6 7. Nge2 e5 8. b4 Nc6 9. Bb2 Bf5 10. d3 Qd7 11. h3 Ne7 12. g4 Be6 13. Bxb7 Rab8 14.
Bg2 c5 15. b5 axb5 16. cxb5 d5 17. a4 d4 18. exd4 exd4 19. Ne4 Nxe4 20. Bxe4 f5 21. gxf5 Nxf5 22. Qc2 c4 23. Bc6 Qf7 24. O-O c3 25. Bc1 Nh4 26. Ng3 Bxh3 27. Qe2 Rbe8 28. Be3 dxe3 29.
fxe3 Bxf1 30. Rxf1 Qc7 31. Ne4 Rxf1+ 32. Qxf1 Rf8 33. Qh3 Nf3+ 34. Kh1 c2 35. Qe6+ Kh8 36. Qc4 Qh2# 0-1

[Event "Early-Titled-Tuesday-Blitz-September-05-2023"]
[Site "Chess.com"]
[Date "2023.09.05"]
[Round "4"]
[White "Rutvij09"]
[Black "Tsyhanchuk_Stanislav"]
[Result "0-1"]
[WhiteElo "2511"]
[BlackElo "2412"]
[TimeControl "180+1"]
[EndTime "8:37:24 PDT"]
[Termination "Tsyhanchuk_Stanislav won by resignation"]

1. e4 c5 2. Nc3 Nc6 3. f4 g6 4. Nf3 Bg7 5. Bb5 Nd4 6. O-O Nh6 7. e5 Nxf3+ 8. Qxf3 Nf5 9. Bd3 Nd4 10. Qf2 d6 11. Ne4 O-O 12. c3 Nf5 13. Bc2 h5 14. d4 cxd4 15. cxd4 Qb6 16. Rd1 dxe5 17. dxe5 Qxf2+ 18. Kxf2 Be6 19. Bd2 Rac8 20. Bc3 b5 21. Bd3 Bc4 22.
Rd2 b4 23. Bxb4 Bxd3 24. Rxd3 Rc4 25. Bxe7 Nxe7 26. Kf3 Nf5 27. g3 Nd4+ 28. Kg2 Nc2 29. Rad1 Rxe4 0-1

[Event "Early-Titled-Tuesday-Blitz-September-05-2023"]
[Site "Chess.com"]
[Date "2023.09.05"]
[Round "4"]
[White "suspiciumchess"]
[Black "Dixit_Nikhil"]
[Result "0-1"]
[WhiteElo "2299"]
[BlackElo "2495"]
[TimeControl "180+1"]
[EndTime "8:37:24 PDT"]
[Termination "Dixit_Nikhil won by resignation"]

1. d4 Nf6 2. c4 g6 3. Nc3 Bg7 4. e4 d6 5. Be2 O-O 6. Be3 c5 7. d5 e6 8. Nf3 exd5 9. cxd5 b5 10. O-O b4 11. Nb1 Nxe4 12. Qc1 Qf6 13. Nbd2 Nxd2 14. Nxd2 Qxb2 15. Rb1 Qxc1 16. Rbxc1 a5 17. Ne4 Ba6 18. Rfe1 Bxe2 19. Rxe2 Ra6 20. Bf4 Nd7 21. Bxd6 Re8 22. Nxc5 Rxe2 23. Nxa6 Rxa2 24. Rc8+ Nf8 25. Kf1 b3 26.
Bxf8 Bxf8 27. Rb8 b2 28. Ke2 b1=Q+ 0-1

[Event "Early-Titled-Tuesday-Blitz-September-05-2023"]
[Site "Chess.com"]
[Date "2023.09.05"]
[Round "4"]
[White "DanielTitichoca"]
[Black "Witik"]
[Result "0-1"]
[WhiteElo "2439"]
[BlackElo "2674"]
[TimeControl "180+1"]
[EndTime "8:37:25 PDT"]
[Termination "Witik won on time"]

1. e4 e5 2. Nf3 Nc6 3. Bb5 a6 4. Ba4 Nf6 5. O-O b5 6. Bb3 Bc5 7. Nc3 d6 8. a4 Rb8 9. Nd5 Nxd5 10. exd5 Nd4 11. Nxd4 exd4 12. axb5 axb5 13. Re1+ Kf8 14. d3 Qf6 15. Bd2 h5 16. Ba5 Bg4 17. Qd2 h4 18. h3 Bf5 19. Bxc7 Rc8 20. Ba5 g5 21. Bb4 Bxb4 22. Qxb4 g4 23. Ra7 gxh3 24. Ree7 Rh7 25.
Qxb5 Qg5 26. g3 Qc1+ 27. Kh2 hxg3+ 28. Kxg3 Qg1+ 0-1

[Event "Early-Titled-Tuesday-Blitz-September-05-2023"]
[Site "Chess.com"]
[Date "2023.09.05"]
[Round "4"]
[White "NowInChess"]
[Black "maurovargas01"]
[Result "1-0"]
[WhiteElo "2265"]
[BlackElo "1863"]
[TimeControl "180+1"]
[EndTime "8:37:25 PDT"]
[Termination "NowInChess won on time"]

1. e4 d5 2. exd5 Qxd5 3. Nc3 Qa5 4. d4 c6 5. Nf3 Nf6 6. Bc4 Bg4 7. h3 Bh5 8. g4 Bg6 9. Ne5 e6 10. h4 Be4 11. f3 Bd5 12. Bd3 Bd6 13. Bd2 Qc7 14. Nxd5 Nxd5 15. f4 f6 16. Nf3 Nxf4 17. Bxf4 Bxf4 18.
Qe2 Bg3+ 19. Kf1 Qe7 20. Kg2 Bc7 21. Rae1 Nd7 22. Qxe6 Qxe6 23. Rxe6+ Kd8 24. Rhe1 Bb6 25. Bxh7 Kc7 26. Bf5 Rad8 27. Re7 g5 28. h5 c5 29. Rf7 cxd4 30. Ree7 Kc6 31. Bxd7+ Kd6 32. Re6+ Kd5 33. Rexf6 1-0

[Event "Early-Titled-Tuesday-Blitz-September-05-2023"]
[Site "Chess.com"]
[Date "2023.09.05"]
[Round "4"]
[White "banane_verte"]
[Black "Byniolus"]
[Result "1-0"]
[WhiteElo "2588"]
[BlackElo "2812"]
[TimeControl "180+1"]
[EndTime "8:37:28 PDT"]
[Termination "banane_verte won by resignation"]

1. d4 d6 2. e4 Nf6 3. Nc3 c6 4. Nf3 Bg4 5. h3 Bh5 6. Qe2 e6 7. g4 Bg6 8. Bg2 d5 9. Ne5 Bxe4 10. Nxe4 dxe4 11. c3 Nbd7 12. Nxd7 Qxd7 13. Bxe4 Nxe4 14. Qxe4 O-O-O 15. Bf4 Bd6 16. O-O-O Bxf4+ 17. Qxf4 Qc7 18. Qe4 h5 19. f4 Qa5 20. Kb1 Qd5 21. Qxd5 Rxd5 22. Rdg1 g6 23. Kc2 c5 24. dxc5 Rxc5 25. Rd1 Rc4 26. f5 hxg4 27. hxg4 Rxh1 28. Rxh1 Rxg4 29.
fxe6 fxe6 30. Rh7 Rg2+ 31. Kb3 a5 32. Re7 g5 33. Rxe6 g4 34. Re7 g3 35. Rg7 b5 36.
Rg5 a4+ 37. Ka3 Rg1 38. Rxb5 Rf1 39. Rg5 1-0

[Event "Early-Titled-Tuesday-Blitz-September-05-2023"]
[Site "Chess.com"]
[Date "2023.09.05"]
[Round "4"]
[White "Sadykov_Ramil"]
[Black "leschebaza"]
[Result "1-0"]
[WhiteElo "2591"]
[BlackElo "2410"]
[TimeControl "180+1"]
[EndTime "8:37:30 PDT"]
[Termination "Sadykov_Ramil won by resignation"]

1. Nf3 Nf6 2. c4 g6 3. Nc3 Bg7 4. e4 d6 5. d4 O-O 6. Be2 c5 7.
d5 e6 8. O-O exd5 9. cxd5 Bg4 10.
Nd2 Bxe2 11. Qxe2 Nbd7 12. Nc4 Ne5 13. Nxe5 dxe5 14. Be3 b6 15. a4 Ne8 16. a5 Nd6 17.
f3 Qd7 18. axb6 axb6 19. Ra6 Qb7 20. Rfa1 Rxa6 21. Qxa6 Rb8 22. Qxb7 Nxb7 23. Nb5 Bf8 24. Ra7 Nd6 25. Nxd6 Bxd6 26. Rd7 Bf8 27. Kf2 Kg7 28. f4 exf4 29. Bxf4 Re8 30. e5 g5 31. Bg3 Kg6 32.
Rb7 h5 33. h3 c4 34. Rxb6+ Kf5 35. Rf6+ Ke4 36. d6 Bg7 37. d7 Rd8 38. Rxf7 Bh8 39.
e6 Bxb2 40. e7 Bd4+ 41. Ke2 Rxd7 42. e8=Q+ Re7 1-0

[Event "Early-Titled-Tuesday-Blitz-September-05-2023"]
[Site "Chess.com"]
[Date "2023.09.05"]
[Round "4"]
[White "frequentblunders"]
[Black "SilverCityIndigo"]
[Result "0-1"]
[WhiteElo "2084"]
[BlackElo "2305"]
[TimeControl "180+1"]
[EndTime "8:37:30 PDT"]
[Termination "SilverCityIndigo won by resignation"]

1. e4 e5 2. Nc3 Nc6 3. Nf3 Nf6 4. d4 exd4 5. Nd5 Nb4 6. Nxd4 Nbxd5 7. exd5 Nxd5 8.
Nf5 Nf6 9. Qe2+ Be7 10. Nxg7+ Kf8 11. Bh6 Kg8 12. Nf5 Bf8 13. O-O-O Bxh6+ 14. Nxh6+ Kf8 15. g4 d6 16. g5 Ng8 17. f4 Nxh6 18. gxh6 Qf6 19.
Bg2 Qxf4+ 20. Kb1 Qxh6 21. Rdf1 Be6 22. Bxb7 Rb8 23. Be4 Ke7 24. Rf3 Qg7 25. b3 Rb4 26. Rhf1 Rf8 27. Qd3 a5 28. Bxh7 a4 29. Bf5 axb3 30.
axb3 Ra8 31. Qc3 Qxc3 32. Rxc3 c5 33. Bxe6 fxe6 34. h4 Rh8 35. Rcf3 Rh7 36. Rh1 Rbxh4 37. Rxh4 Rxh4 38. Re3 Kf6 39. Kb2 Rh2 40. Rf3+ Ke5 41.
Rg3 d5 42. Rg5+ Kd6 43. Rg7 d4 44. Rg5 d3 0-1